 Dungeon Crawl Stone Soup version 0.31.0-12-g77e489cdc1 (webtiles) character file.

Game seed: 1030777970045926787

1571 gohu the Geomancer (level 8, -1/46 HPs)
             Began as a Gargoyle Earth Elementalist on Feb 25, 2024.
             Was a Follower of Vehumet.
             Slain by a gnoll
             ... wielding a +0 hand axe
              (5 damage)
             ... in a bailey.
             The game lasted 00:19:17 (6111 turns).

gohu the Geomancer (Gargoyle Earth Elementalist)    Turns: 6111, Time: 00:19:18

Health: -1/46      AC: 14    Str: 12    XL:     8   Next: 90%
Magic:  14/14      EV: 11    Int: 18    God:    Vehumet [*.....]
Gold:   158        SH:  0    Dex: 10    Spells: 12/16 levels left

rFire   . . .        j - +0 short sword (venom)
rCold   . . .        (no shield)
rNeg    + + .        y - +2 robe "Lebudad" {Fly rPois rN+ rCorr}
rPois   ∞            m - +1 helmet
rElec   +            (no cloak)
rCorr   +            z - +2 pair of gloves
SInv    .            (no boots)
Will    .....        (no amulet)
Stlth   ++           B - ring of resist corrosion
HPRegen 0.27/turn    (no ring)
MPRegen 0.14/turn

%: no passive effects
@: flying
A: sickness immunity, AC +5, negative energy resistance 1, electricity
resistance, torment resistance 1, petrification resistance
a: Renounce Religion


You were in a bailey.
You worshipped Vehumet.
Vehumet was aware of your devotion.
You visited 2 branches of the dungeon, and saw 8 of its levels.
You also visited: Bailey.

You collected 327 gold pieces.
You spent 169 gold pieces at shops.

Inventory:

Hand Weapons
 j - a +0 short sword of venom (weapon)
Missiles
 r - 3 javelins
 v - a throwing net
 F - 3 boomerangs
Armour
 a - a +0 robe
 m - a +1 helmet (worn)
 y - the +2 robe "Lebudad" (worn) {Fly rPois rN+ rCorr}
   (You found it on level 5 of the Dungeon)

   rPois:     It protects you from poison rN+: It protects you from negative
   energy.
   Fly:       It grants you flight.
   rCorr:     It protects you from acid and corrosion.
 z - a +2 pair of gloves (worn)
Magical Staves
 l - a staff of fire
Jewellery
 B - a ring of resist corrosion (left hand)
Wands
 h - a wand of flame (6)
 w - a wand of acid (1)
Scrolls
 e - a scroll of poison
 x - a scroll of noise {unknown}
Potions
 c - a potion of might {unknown}
 d - 2 potions of brilliance
 f - 4 potions of curing {unknown}
 g - 3 potions of ambrosia {unknown}
 i - 3 potions of heal wounds
 k - a potion of cancellation
 n - 3 potions of enlightenment {unknown}
 o - 2 potions of degeneration
 p - 3 potions of attraction {unknown}
 q - a potion of berserk rage
 s - a potion of lignification
 t - 2 potions of mutation
 u - 2 potions of haste {unknown}


   Skills:
 + Level 3.5 Fighting
 - Level 1.5 Dodging
 - Level 2.1 Stealth
 * Level 4.5 Spellcasting
 + Level 7.2 Conjurations
 + Level 8.5 Earth Magic


You had 12 spell levels left.
You knew the following spells:

 Your Spells              Type           Power      Damage    Failure   Level
a - Sandblast             Erth           68%        2d15      1%          1
b - Stone Arrow           Conj/Erth      64%        3d11      1%          3

Your spell library contained the following spells:

 Spells                   Type           Power      Damage    Failure   Level
 Magic Dart               Conj           100%       1d8       1%          1
 Passwall                 Erth           34%        N/A       1%          3
 Sting                    Conj/Alch      68%        1d7       3%          1
 Brom's Barrelling Bould  Conj/Erth      32%        2d5       5%          4
 Dazzling Flash           Conj/Hex       34%        N/A       10%         3
 Hailstorm                Conj/Ice       17%        3d6       10%         3
 Mephitic Cloud           Conj/Alch/Air  12%        N/A       16%         3
 Mercury Vapours          Alch/Air       8%         N/A       22%         2
 Petrify                  Alch/Erth      19%        N/A       24%         4
 Iskenderun's Mystic Bla  Conj/Tloc      17%        2d5       30%         4
 Summon Ice Beast         Ice/Summ       4%         N/A       38%         3
 Tukima's Dance           Hex            4%         N/A       38%         3
 Dimensional Bullseye     Hex/Tloc       2%         N/A       80%         4
 Olgreb's Toxic Radiance  Alch           4%         N/A       80%         4
 Freezing Cloud           Conj/Ice/Air   6%         6-21      82%         5
 Curse of Agony           Necr           4%         N/A       98%         5
 Silence                  Hex/Air        2%         N/A       98%         5
 Sculpt Simulacrum        Ice/Alch       2%         N/A       100%        6


Dungeon Overview and Level Annotations

Branches:
Dungeon (7/15)             Temple (1/1) D:4          Bailey (1/1)

Altars:
Ashenzari
Cheibriados
Dithmenos
Elyvilon
Fedhas
Kikubaaqudgha
Okawaru
Qazlal
Sif Muna
Trog
Uskayaw
Vehumet
Wu Jian
Xom
Yredelemnul
The Shining One

Shops:
D:4 !


Innate Abilities, Weirdness & Mutations

You are immune to sickness and miasma.
Your stone body is resilient. (AC +5)
You are immune to poison.
You resist negative energy. (rN+)
You are resistant to electric shocks. (rElec)
You are resistant to unholy torment.
You are immune to petrification.


Message History

Aim: a hobgoblin, wielding a +0 war axe and wearing a +0 leather armour (71% to hit)
The bolt of acid hits the orc warrior!
The acid corrodes the orc warrior!
The orc warrior is moderately wounded.
The bolt of acid hits the hobgoblin!
The acid corrodes the hobgoblin!
You kill the hobgoblin!
Vehumet accepts your kill.
Aiming: Sandblast (safe; 1% risk of failure)
Press: ? - help, Q - select action, (/) - cycle Shift-Dir - straight line, f - orc warrior
Aim: an orc warrior, wielding a +0 war axe and wearing a +0 plate armour (moderately wounded, covered in acid, 84% to hit)
The blast of sand hits the orc warrior!
The orc warrior is severely wounded.
The orc warrior hits you with a +0 war axe!
The goblin hits you but does no damage.
Aiming: Sandblast (safe; 1% risk of failure)
Press: ? - help, Q - select action, (/) - cycle Shift-Dir - straight line, f/p - orc warrior
Aim: an orc warrior, wielding a +0 war axe and wearing a +0 plate armour (severely wounded, covered in acid, 84% to hit)
The blast of sand hits the orc warrior!
The orc warrior is almost dead.
The orc warrior hits you with a +0 war axe.
The goblin barely misses you.
The orc warrior hits you with a +0 war axe.
The goblin hits you but does no damage.
Aiming: Sandblast (safe; 1% risk of failure)
Press: ? - help, Q - select action, (/) - cycle Shift-Dir - straight line, f/p - orc warrior
Aim: an orc warrior, wielding a +0 war axe and wearing a +0 plate armour (almost dead, covered in acid, 84% to hit)
The blast of sand hits the orc warrior!
You kill the orc warrior!
Vehumet accepts your kill. The gnoll hits you but does no damage.
An orc comes into view. It is wielding a +0 hand axe.
The goblin hits you but does no damage. The gnoll hits you with a +0 hand axe.
* * * LOW HITPOINT WARNING * * *
The orc warrior attacks as it pursues you!
The orc warrior hits you but does no damage.
There is a gate leading back out of this place here.
Magic courses through your body.
The orc warrior hits you with a +0 war axe!
* * * LOW HITPOINT WARNING * * *
The goblin misses you. The gnoll hits you with a +0 hand axe.
You die...

..## ♣♣♣ #'#.###
♣♣.♣♣♣♣♣
###.....###♣♣......♣
##.........##.......♣
#...........#.......♣
#........o..'.g.....♣♣
#.....⌠...))))o@.∩...♣
#......))...'.g......♣
#...........#.......♣♣
###.........##.......♣
#.###.....###♣♣♣....♣♣
....#)#.### ♣.♣♣.♣
..))..### ♣♣♣♣♣♣
..).)..# .......#


You could see an orc warrior, a gnoll, an orc and a goblin.

Vanquished Creatures
  Menkaure (D:4)
  6 orc warriors (Bailey)
  2 ogres (D:5)
  Blork the orc (D:4)
  A bullfrog (D:6)
  A bombardier beetle (D:5)
  2 hounds (D:5)
  An orc priest (D:7)
  2 sleepcaps
  6 iguanas
  2 orc wizards
  3 gnolls (Bailey)
  7 adders
  2 ribbon worms
  3 dart slugs
  27 orcs
  9 ball pythons
  4 endoplasms
  2 giant cockroaches (D:2)
  9 goblins
  11 hobgoblins
  5 jackals
  4 kobolds
  3 quokkas
  A bat (D:3)
  4 frilled lizards
  4 rats
123 creatures vanquished.

Notes
Turn   | Place    | Note
-------+----------+-------------------------------------------
     0 | D:1      | gohu the Gargoyle Earth Elementalist began the quest for
                  | the Orb.
     0 | D:1      | Reached XP level 1. HP: 10/10 MP: 3/3
   119 | D:1      | Reached skill level 4 in Earth Magic
   147 | D:1      | Reached XP level 2. HP: 15/15 MP: 3/5
   981 | D:1      | Found a faded altar of an unknown god.
  1485 | D:2      | Reached XP level 3. HP: 19/19 MP: 4/6
  1699 | D:2      | Reached skill level 5 in Earth Magic
  2036 | D:2      | Reached XP level 4. HP: 24/24 MP: 2/7
  2840 | D:3      | Found a glowing golden altar of the Shining One.
  2840 | D:3      | Found a bloodstained altar of Trog.
  3382 | D:4      | Reached XP level 5. HP: 28/28 MP: 2/8
  3438 | D:4      | Found Fuothr Ymua's Distillery.
  3442 | D:4      | Bought a potion of heal wounds for 65 gold pieces
  3442 | D:4      | Bought a potion of mutation for 104 gold pieces
  3492 | D:4      | Found a staircase to the Ecumenical Temple.
  3502 | Temple   | Entered the Ecumenical Temple
  3519 | Temple   | Became a worshipper of Vehumet
  3571 | D:4      | Reached skill level 6 in Earth Magic
  3575 | D:4      | Learned a level 3 spell: Stone Arrow
  3682 | D:4      | Noticed Blork the orc
  3684 | D:4      | Noticed Menkaure
  3686 | D:4      | Killed Blork the orc
  3687 | D:4      | Reached XP level 6. HP: 32/32 MP: 7/9
  3692 | D:5      | Entered Level 5 of the Dungeon
  3769 | D:5      | Reached skill level 5 in Conjurations
  3965 | D:5      | Reached skill level 7 in Earth Magic
  3965 | D:5      | Reached XP level 7. HP: 36/36 MP: 5/10
  3970 | D:5      | Identified the +2 robe "Lebudad" {Fly rPois rN+ rCorr}
  4725 | D:6      | Reached skill level 1 in Fighting
  4817 | D:6      | Noticed a vampire mosquito
  5198 | D:4      | Killed Menkaure
  5199 | D:4      | Reached XP level 8. HP: 44/44 MP: 9/12
  5202 | D:4      | Reached * piety under Vehumet
  5202 | D:4      | Offered knowledge of Magic Dart by Vehumet.
  5205 | D:4      | Identified the -2 pair of boots "Gequfam" {Str+6}
  5714 | D:7      | Found a flagged portal.
  5727 | Bailey   | Entered a bailey
  5939 | Bailey   | Reached skill level 8 in Earth Magic
  6111 | Bailey   | Slain by a gnoll

Illustrated notes

Levels and vault maps discovered:
D:1:      minmay_arrival_shattered_statue, layout_basic,
          shapermc_ecumenical_altar_notcrosses, st_stairs_7
D:2:      layout_loops_corners
D:3:      layout_loops_ring, nicolae_overflow_two_pavilions
D:4:      layout_cave_pools, minmay_temple_entry_trees, serial_shops, shop,
          uniq_menkaure, uniq_blork_the_orc
D:5:      layout_basic
D:6:      layout_gridville, lightli_corner_chamber
D:7:      layout_basic, mainiacjoe_overflow_concentric_impassable,
          enter_bailey_3
Temple:   eino_temple_water
Bailey:   bailey_axe_minmay_hex_keep, bailey

Skill      XL: |  1  2  3  4  5  6  7  8 |
---------------+-------------------------+-----
Earth Magic    | 4 5 6 7 8 |  8.5
Conjurations   | 2 3 4 5 6 7 |  7.2
Fighting       | 2 3 |  3.5
Spellcasting   | 4 |  4.5
Dodging        | |  1.5
Stealth        | |  2.1

Action                     |  1- 3 |  4- 6 |  7- 9 || total
---------------------------+-------+-------+-------++-------
  Melee: Unarmed           |     4 |       |       ||     4
         Short sword       |       |       |     2 ||     2
         Punch             |       |       |     1 ||     1
  Throw: Boomerang         |       |       |     3 ||     3
   Cast: Sandblast         |    46 |    67 |    97 ||   210
         Stone Arrow       |       |       |     4 ||     4
  Evoke: Wand              |       |     2 |     6 ||     8
    Use: Scroll            |       |       |    13 ||    13
         Potion            |       |       |     1 ||     1
 Armour: Robe              |    11 |    13 |    47 ||    71
  Dodge: Dodged            |    11 |    16 |    14 ||    41
